 Dungeon Crawl Stone Soup version 0.29-a0-418-gc0181ea820 (webtiles) character file.

Game seed: 3377178342889456450

3378 dolemite99 the Cleaver (level 10, -5/72 HPs)
             Began as a Hill Orc Fighter on May 18, 2022.
             Was a Follower of Hepliaklqana.
             Killed from afar by Psyche (8 damage)
             ... with a bolt of acid
             ... on level 8 of the Dungeon.
             The game lasted 00:09:21 (11885 turns).

dolemite99 the Cleaver (Hill Orc Fighter)          Turns: 11885, Time: 00:09:21

Health: -5/72      AC:  6    Str: 24    XL:     10   Next: 3%
Magic:  10/10      EV: 17    Int:  8    God:    Hepliaklqana [*.....]
Gold:   535        SH:  0    Dex: 10    Spells: 9/9 levels left

rFire   + + .      SeeInvis .   (weapon currently unavailable)
rCold   + + .      Faith    .   (shield currently unavailable)
rNeg    + + +      Spirit   .   (body armour currently unavailable)
rPois   ∞          Reflect  .   (helmet currently unavailable)
rElec   +          Harm     .   (cloak currently unavailable)
rCorr   +          Rampage  .   (gloves currently unavailable)
Will    .....                   (boots currently unavailable)
Stlth   +.........              (amulet currently unavailable)
HPRegen 0.22/turn               (ring currently unavailable)
MPRegen 0.12/turn               (ring currently unavailable)

@: wisp-form, corroded, flying, hasted, very quick
A: insubstantial, flying, no casting, reduced essence, tiny
a: Renounce Religion, Recall Ancestor, Ancestor Identity


You were on level 8 of the Dungeon.
You worshipped Hepliaklqana.
Hepliaklqana was aware of your devotion.
You were an insubstantial wisp.
You visited 2 branches of the dungeon, and saw 9 of its levels.

You collected 535 gold pieces.

Inventory:

Hand Weapons
 a - a +1 war axe (melded)
 d - the +3 whip "Daudeqel" {pain, +Blink SInv}
   (You found it on level 5 of the Dungeon)

   In the hands of one skilled in necromantic magic, it inflicts extra damage on
   living creatures.
   SInv:      It lets you see invisible.
   +Blink:    It lets you blink.
 q - a +3 battleaxe
 z - a -2 executioner's axe
 A - a -2 morningstar
 D - a +4 hand axe
 I - a +1 flail of protection
Missiles
 i - 400 stones
 l - 8 poisoned darts
 r - 7 boomerangs
 s - 12 javelins
Armour
 b - a +0 scale mail
 c - a +1 buckler (melded)
 u - a +2 helmet (melded)
 B - a +0 chain mail (melded)
Jewellery
 g - an amulet of the acrobat
 k - a ring of willpower
 t - a ring of protection from cold
 v - a ring of positive energy
Wands
 F - a wand of polymorph (9)
Scrolls
 e - 2 scrolls of vulnerability
 f - 3 scrolls of immolation
 p - 4 scrolls of teleportation
 y - a scroll of torment
 E - 3 scrolls of identify {@r1}
Potions
 h - 4 potions of mutation
 j - 2 potions of attraction
 n - a potion of degeneration {unknown}
 o - 3 potions of ambrosia
 x - 2 potions of heal wounds {unknown}
 C - a potion of lignification {unknown}
 G - a potion of resistance {unknown}


   Skills:
 - Level 5.1 Fighting
 - Level 14.1 Axes
 - Level 4.0 Throwing
 + Level 8.1 Armour
 - Level 3.2 Shields


You had 9 spell levels left.
You didn't know any spells.
Your spell library contained the following spells:

 Spells                   Type           Power      Damage    Failure   Level
 Apportation              Tloc           0%         N/A       41%         1
 Beastly Appendage        Tmut           0%         N/A       41%         1
 Foxfire                  Conj/Fire      0%         2x1d4     41%         1
 Magic Dart               Conj           0%         1d3       41%         1
 Shock                    Conj/Air       0%         1d3       41%         1
 Corpse Rot               Necr/Air       0%         N/A       54%         2
 Poisonous Vapours        Pois/Air       0%         N/A       54%         2
 Searing Ray              Conj           0%         2d4       54%         2
 Wereblood                Tmut           0%         N/A       54%         2
 Conjure Flame            Conj/Fire      0%         6-21      78%         3
 Inner Flame              Hex/Fire       0%         N/A       78%         3
 Spider Form              Tmut/Pois      0%         N/A       78%         3
 Flame Wave               Conj/Fire      0%         2d4       99%         4
 Fulminant Prism          Conj/Hex       0%         3d6       99%         4
 Alistair's Intoxication  Tmut/Pois      0%         N/A       100%        5


Dungeon Overview and Level Annotations

Branches:
Dungeon (8/15)             Temple (1/1) D:5
   Lair: D:8-11

Altars:
Ashenzari
Cheibriados
Elyvilon
Fedhas
Gozag
Hepliaklqana
Makhleb
Nemelex Xobeh
Okawaru
Qazlal
Ru
Sif Muna
Trog
Uskayaw
Vehumet
Wu Jian
Zin
The Shining One

Annotations:
D:8 Psyche


Message History

Anything else - Cancel.
Guard this area!
Psyche hits Bojana with a +0 dagger of chaos.
Psyche burns Bojana.
Psyche completely misses Bojana.
Bojana hits Psyche.
Psyche drinks a potion.
Psyche seems to speed up.
Bojana hits Psyche!
You see here a black bear corpse.
Psyche zaps a wand.
The bolt of acid hits you!!
Psyche casts a spell.
A swirling arc of seething chaos appears!
The arc of chaos hits Bojana.
Bojana resists.
Bojana barely misses Psyche.
Okay, then.
Bojana hits Psyche.
Okay, then.
You feel yourself speed up.
Psyche zaps a wand.
The bolt of acid hits you!!
* * * LOW HITPOINT WARNING * * *
The acid corrodes you!
Psyche points at you and mumbles some strange words.
You turn into an insubstantial wisp.
Your +1 war axe melds into your body.
Your +2 helmet melds into your body.
Your +1 buckler melds into your body.
Your +0 chain mail melds into your body.
You touch Psyche.
Psyche is severely wounded.
Psyche zaps a wand.
The bolt of acid misses you.
Bojana hits Psyche but does no damage.
You touch Psyche but do no damage.
Psyche is severely wounded.
Psyche zaps a wand.
The bolt of acid hits you! You resist.
* * * LOW HITPOINT WARNING * * *
The acid corrodes you!
Psyche casts a spell.
A swirling arc of seething chaos appears!
The arc of chaos hits you but does no damage.
You resist.
You closely miss Psyche.
Psyche is severely wounded.
Bojana completely misses Psyche.
Psyche zaps a wand.
The bolt of acid hits you! You resist.
You die...

.PPP...........#
P.P.......#.##.#
P..PP..PP...##.###
PP....hP.P..#....#
PP..PPP.P....##
P...PPP...#...####
P.P..PP...#......#
PPPP......).)....#
.PP.P..........v.#
..P...PP.#..R@..#
.P.P.....#......#
....###..#.....†#
..## #.##......# .
..######### #.##
#.


You could see the friendly Bojana the ancestor and Psyche (fast, ally target).

Vanquished Creatures
  Sigmund (D:4)
  A yak (D:8)
  3 water moccasins
  2 ice beasts
  3 black bears
  2 centaurs
  An ogre (Temple)
  3 kobold brigands
  2 necrophages
  2 bullfrogs
  4 scorpions
  3 wights (D:6)
  4 killer bees (D:6)
  4 jellies
  A hound (D:6)
  A gnoll shaman (Temple)
  An orc priest (D:8)
  Jessica (D:3)
  An iguana (D:4)
  An orc wizard (D:8)
  A mummy (Temple)
  Robin (D:4)
  22 gnolls
  5 adders
  2 white imps (D:6)
  An ufetubus (D:6)
  4 dart slugs
  3 worms
  16 orcs
  3 endoplasms
  2 giant cockroaches (D:4)
  14 goblins
  14 hobgoblins
  4 jackals (D:1)
  52 kobolds
  A quokka (D:1)
  4 ball pythons
  12 bats
  A frilled lizard (D:2)
  4 rats
207 creatures vanquished.

Vanquished Creatures (collateral kills)
  A yak (D:8)
  A necrophage (D:6)
  A scorpion (D:8)
  4 orcs (D:7)
7 creatures vanquished.

Vanquished Creatures (others)
  An ancestor (D:8)
  29 fungi
  31 plants (D:8)
61 creatures vanquished.

Grand Total: 275 creatures vanquished

Notes
Turn   | Place    | Note
-------+----------+-------------------------------------------
     0 | D:1      | dolemite99 the Hill Orc Fighter began the quest for the
                  | Orb.
     0 | D:1      | Reached XP level 1. HP: 19/19 MP: 1/1
    34 | D:1      | Reached skill level 3 in Axes
   205 | D:1      | Reached XP level 2. HP: 26/26 MP: 2/2
   352 | D:1      | Reached skill level 4 in Axes
   934 | D:2      | Reached XP level 3. HP: 29/31 MP: 3/3
  1243 | D:2      | Reached skill level 5 in Axes
  1703 | D:3      | Found a sacrificial altar of Ru.
  1955 | D:3      | Noticed Jessica
  1961 | D:3      | Reached XP level 4. HP: 36/39 MP: 4/4
  1963 | D:3      | Killed Jessica
  1964 | D:3      | Reached skill level 6 in Axes
  2804 | D:4      | Noticed a necrophage
  2816 | D:4      | Killed a necrophage
  2817 | D:4      | Reached skill level 7 in Axes
  2817 | D:4      | Reached XP level 5. HP: 36/45 MP: 5/5
  2899 | D:4      | Noticed Robin
  2927 | D:4      | Killed Robin
  3291 | D:4      | Reached skill level 8 in Axes
  3291 | D:4      | Reached XP level 6. HP: 17/51 MP: 6/6
  3681 | D:4      | Reached skill level 9 in Axes
  3978 | D:4      | Noticed Sigmund
  3985 | D:4      | Killed Sigmund
  3986 | D:4      | Reached skill level 10 in Axes
  3986 | D:4      | Reached XP level 7. HP: 57/57 MP: 7/7
  4045 | D:5      | Entered Level 5 of the Dungeon
  4072 | D:5      | Identified the +3 whip "Daudeqel" {pain, +Blink SInv}
  4137 | D:5      | Found a staircase to the Ecumenical Temple.
  4147 | Temple   | Entered the Ecumenical Temple
  4379 | Temple   | Became a worshipper of Hepliaklqana the Forgotten
  4511 | D:5      | Reached skill level 11 in Axes
  4740 | D:5      | Got the Tome of the Torrid Birds
  5117 | Temple   | Reached XP level 8. HP: 30/64 MP: 8/8
  5540 | Temple   | Reached skill level 12 in Axes
  7178 | D:5      | Reached skill level 13 in Axes
  7579 | D:5      | Found a snail-covered altar of Cheibriados.
  7835 | D:5      | Found a bloodstained altar of Trog.
  8067 | D:6      | Found a hide-covered altar of Uskayaw.
  8300 | D:6      | Reached skill level 14 in Axes
  8439 | D:6      | Reached skill level 5 in Fighting
  8439 | D:6      | Reached XP level 9. HP: 44/74 MP: 9/9
  9285 | D:6      | Found a white marble altar of Elyvilon.
  9314 | D:6      | Reached skill level 1 in Throwing
  9848 | D:6      | Reached * piety under Hepliaklqana
  9902 | D:6      | Found a broken altar of Ashenzari.
 10633 | D:7      | Found a sparkling altar of Nemelex Xobeh.
 10655 | D:7      | Found a glowing golden altar of the Shining One.
 11431 | D:7      | Found a radiant altar of Vehumet.
 11460 | D:8      | Reached skill level 5 in Armour
 11706 | D:8      | Reached XP level 10. HP: 57/72 MP: 10/10
 11874 | D:8      | Noticed Psyche
 11884 | D:8      | HP: 2/72 [Psyche/bolt of acid (8)]
 11885 | D:8      | Killed from afar by Psyche

Illustrated notes

Levels and vault maps discovered:
D:1:      dpeg_arrival_pits, layout_basic, nicolae_wormholes
D:2:      layout_loops_ring
D:3:      layout_basic, lemuel_tele_altar, uniq_jessica
D:4:      old_forge, layout_basic, uniq_sigmund, uniq_robin
D:5:      minmay_goblin_kobold_castle, layout_layer_cave,
          lightli_temple_of_fire, slow_altar_1, minmay_temple_entry_trees
D:6:      layout_cave_pools, nicolae_overflow_hidden_temple,
          nicolae_overflow_crystal_walls, ashenzari_conservatory_becter
D:7:      layout_basic, mainiacjoe_overflow_alcove_1, mainiacjoe_overflow_swirl
D:8:      layout_rooms, yredelemnul_forgotten_temple_becter,
          kennysheep_mini_moat, due_lair_maze_entry_diamond, uniq_psyche
Temple:   compressed_dpeg_triangle_lava_temple

Skill      XL: |  1  2  3  4  5  6  7  8  9 10 |
---------------+-------------------------------+-----
Axes           | 3 4 5 7 8 10 11 14 | 14.1
Fighting       | 5 |  5.1
Throwing       | 4 |  4.0
Armour         | 7 8 |  8.1
Shields        | |  3.2

Action                   |  1- 3 |  4- 6 |  7- 9 | 10-12 || total
-------------------------+-------+-------+-------+-------++-------
Melee: War axe           |    87 |   115 |   300 |    13 ||   515
       Unarmed           |       |       |       |     3 ||     3
Throw: Stone             |    56 |    44 |    67 |       ||   167
       Javelin           |       |       |    14 |       ||    14
Invok: Recall Ancestor   |       |       |     1 |       ||     1
Evoke: Wand              |       |       |       |     1 ||     1
  Use: Potion            |       |     1 |     2 |     2 ||     5
       Scroll            |       |       |    19 |       ||    19
Armor: Scale mail        |    46 |    66 |       |       ||   112
       Chain mail        |       |       |   246 |    21 ||   267
Dodge: Dodged            |    32 |    63 |   132 |    12 ||   239
Block: Buckler           |    19 |    34 |    85 |     7 ||   145

Table legend: (Time is in decaauts)
 A = Elapsed time spent in this place.
 B = Non-inter-level travel time spent in this place.
 C = Inter-level travel time spent in this place.
 D = Time resting spent in this place.
 E = Time spent auto-exploring this place.
 F = Levels seen in this place.
 G = Mean time per level.
                   A        B        C        D        E       F      G
               +--------+--------+--------+--------+--------+-----+--------+
         Total |  11945 |  11806 |    139 |   4694 |   5194 |   9 | 1327.2 |
       Dungeon |  10520 |  10387 |    133 |   3581 |   4978 |   8 | 1315.0 |
        Temple |   1424 |   1418 |      6 |   1113 |    216 |   1 | 1424.0 |
               +--------+--------+--------+--------+--------+-----+--------+

Top non-repeatable levels by time:
     D:5: 2856 daAuts
     D:4: 1741 daAuts
  Temple: 1424 daAuts
     D:7: 1358 daAuts
     D:6: 1332 daAuts
     D:3: 1096 daAuts
     D:1: 923 daAuts
     D:2: 791 daAuts
     D:8: 421 daAuts
